 Dungeon Crawl Stone Soup version 0.18.1-48-g4cf74bf (webtiles) character file.

2923 lafkat the Ducker (level 9, 0/71 HPs)
             Began as a Merfolk Ice Elementalist on July 21, 2016.
             Was a Follower of Okawaru.
             Slain by an orc warrior
             ... wielding a +0 battleaxe
              (10 damage)
             ... on level 8 of the Dungeon.
             The game lasted 00:35:28 (8324 turns).

lafkat the Ducker (Merfolk Ice Elementalist)        Turns: 8324, Time: 00:35:29

Health: 0/71       AC: 14    Str: 10    XL:     9   Next: 79%
Magic:  4/16       EV: 14    Int: 15    God:    Okawaru [*.....]
Gold:   335        SH:  0    Dex: 15    Spells: 5 memorised, 6 levels left

rFire  . . .     SeeInvis .     L - +2 spear (freeze)
rCold  . . .     Gourm    .     e - +1 troll leather armour
rNeg   . . .     Faith    .     (no shield)
rPois  .         Spirit   .     (no helmet)
rElec  .         Dismiss  .     k - +0 cloak
rCorr  .         Reflect  .     O - +0 pair of gloves
SustAt .         Harm     .     (no boots)
MR     .....                    (no amulet)
Stlth  ++........               M - -2 ring of evasion (curse)
                                D - ring of flight

@: icy armour, about to teleport, slow, not resistant to hostile enchantments,
unstealthy
A: change form in water, swift swim
a: Heroism, Renounce Religion, Evoke Flight


You were on level 8 of the Dungeon.
You worshipped Okawaru.
Okawaru was aware of your devotion.
You were not hungry.

You visited 2 branches of the dungeon, and saw 9 of its levels.

You collected 335 gold pieces.

Inventory:

Hand Weapons
 f - the +5 quarterstaff "Arbiter" {crush, rC+ SInv, unknown}
   (You found it on level 7 of the Dungeon)

   It inflicts extra damage upon your enemies.
   It protects you from cold.
   It lets you see invisible.
 s - a +4 quarterstaff of chaos
 t - a +0 dagger of draining
 v - a +2 hand axe of flaming
 y - a +0 trident
 L - a +2 spear of freezing (weapon)
 P - a +1 spear
Armour
 a - a +0 robe
 d - the +5 scale mail of Levity {*Drain +Inv rF- rN+++, unknown}
   (You found it on level 5 of the Dungeon)

   It makes you vulnerable to fire.
   It renders you almost immune to negative energy.
   It lets you turn invisible.
   It causes draining when unequipped.
 e - a +1 troll leather armour (worn)
 k - a +0 cloak (worn)
 x - a +0 cloak
 J - a +0 ice dragon armour
 O - a +0 pair of gloves (worn)
Magical Staves
 j - an uncursed staff of summoning
Jewellery
 z - the ring of Rustol {Fire Slay+2}
   (You took it off an orc on level 5 of the Dungeon)

   [ring of fire]

   It enhances your fire magic, and weakens your ice magic.
   It affects your accuracy and damage with ranged weapons and melee attacks
   (+2).
   It protects you from fire.
   It makes you vulnerable to cold.
 D - a ring of flight (left hand)
 E - an uncursed ring of teleportation
 M - a cursed -2 ring of evasion (right hand)
 T - a cursed ring of teleportation
Wands
 i - a wand of lightning (4/15)
 C - a wand of paralysis (12/24)
 K - a wand of teleportation (7/9)
Scrolls
 h - a scroll of recharging
 n - a scroll of magic mapping
 o - a scroll of remove curse
 A - a scroll of noise
 B - a scroll of fog
 Q - a scroll of teleportation
Potions
 g - 2 potions of lignification
 m - 2 potions of curing
 G - a potion of invisibility {unknown}
 H - a potion of haste {unknown}
 I - a potion of cure mutation {unknown}
 S - a potion of cancellation {unknown}
Books
 b - a book of Frost

   Spells                             Type                      Level
   a - Freeze                         Ice                          1
   b - Throw Frost                    Conjuration/Ice              2
   c - Ozocubu's Armour               Charms/Ice                   3
   d - Throw Icicle                   Conjuration/Ice              4
   e - Summon Ice Beast               Ice/Summoning                4
 p - a book of Beasts

   Spells                             Type                      Level
   a - Summon Butterflies             Summoning                    1
   b - Call Canine Familiar           Summoning                    3
   c - Summon Ice Beast               Ice/Summoning                4
   d - Summon Mana Viper              Hexes/Summoning              5
   e - Summon Hydra                   Summoning                    7
 r - a book of Battle

   Spells                             Type                      Level
   a - Infusion                       Charms                       1
   b - Shroud of Golubria             Charms/Translocation         2
   c - Song of Slaying                Charms                       2
   d - Spectral Weapon                Hexes/Charms                 3
   e - Regeneration                   Charms/Necromancy            3
 R - a book of Cantrips

   Spells                             Type                      Level
   a - Corona                         Hexes                        1
   b - Animate Skeleton               Necromancy                   1
   c - Summon Small Mammal            Summoning                    1
   d - Apportation                    Translocation                1
Comestibles
 c - 10 bread rations
 l - 8 meat rations
 q - 8 fruits
 u - a beef jerky
 w - 3 chunks of flesh
 N - a slice of pizza


   Skills:
 * Level 6.4 Fighting
 * Level 6.7 Polearms
 + Level 2.5 Armour
 * Level 7.4 Dodging
 - Level 2.1 Stealth
 * Level 5.1 Spellcasting
 + Level 3.2 Conjurations
 + Level 3.8 Charms
 + Level 5.1 Ice Magic
 + Level 1.5 Invocations


You had 6 spell levels left.
You knew the following spells:

 Your Spells              Type           Power        Failure   Level  Hunger
a - Freeze                Ice            ###.         2%          1    None
b - Throw Frost           Conj/Ice       ###...       10%         2    ##.....
c - Ozocubu's Armour      Chrm/Ice       ###.....     12%         3    ###....
d - Shroud of Golubria    Chrm/Tloc      #.........   17%         2    ##.....
e - Throw Icicle          Conj/Ice       ###.....     45%         4    ####...


Dungeon Overview and Level Annotations

Branches:
Dungeon (8/15)             Temple (1/1) D:7
   Lair: D:8-11

Altars:
Ashenzari
Cheibriados
Elyvilon
Fedhas
Gozag
Kikubaaqudgha
Makhleb
Nemelex Xobeh
Okawaru
Qazlal
Ru
Sif Muna
Trog
Vehumet
Xom
Yredelemnul
Zin
The Shining One


Message History

The orc warrior is severely wounded.
You hit the orc warrior but do no damage.
The orc warrior is severely wounded.
The orc warrior hits you with a battleaxe!!
* * * LOW HITPOINT WARNING * * *
You closely miss the orc warrior.
The orc warrior is severely wounded.
The orc warrior closely misses you.
Drink which item? (? for menu, Esc to quit)
Okay, then.
Things that are here:
a leather armour; a giant frog corpse You found a teleport trap!
The orc warrior hits you with a battleaxe!
* * * LOW HITPOINT WARNING * * *
Read which item? (? for menu, Esc to quit)
As you read the scroll of teleportation, it crumbles to dust.
You feel strangely unstable.
The orc warrior hits you with a battleaxe!
You die...

#)..........##.##≈≈..##........#
...#........##.#≈≈...####.....<#
...#........#.)'.§.._8# ##.....#
.##............#§≈§..####...<..##
.......(.......##≈§..##.........#
................##§≈_#...#.......
.................###8#####.......
..#####...........#### ........
.. ............o@...# .........
#. ..##.########.........#.#.....
.#.. #.# #.#########.#....# # ..#
#.# #.#.#### .#.# #.# #.#.# #...#
..# ..# <.#


You could see an orc warrior.

Vanquished Creatures
  The ghost of GFox the Covered, an amateur MiFi (D:4)
  A spriggan (D:7)
  Menkaure (D:7)
  A phantom (D:4)
  An orc warrior (D:5)
  2 ice beasts
  4 ogres
  A centaur (D:4)
  2 giant frogs
  A water moccasin zombie (D:5)
  3 scorpions
  4 wights (D:6)
  2 howler monkeys (D:7)
  2 crimson imps
  2 quasits
  A jelly (D:6)
  7 orc wizards
  Crazy Yiuf (D:4)
  A centaur skeleton (D:7)
  5 orc priests
  4 hounds
  An iguana (D:4)
  5 worker ants
  A hound zombie (D:5)
  9 adders
  4 gnolls (D:6)
  4 worms
  5 giant geckos (D:3)
  28 orcs
  2 giant cockroaches
  5 goblins
  9 hobgoblins
  3 quokkas
  5 bats
  6 giant newts
  4 kobolds
  7 rats
145 creatures vanquished.

Notes
Turn   | Place    | Note
--------------------------------------------------------------
     0 | D:1      | lafkat the Merfolk Ice Elementalist began the quest for the Orb.
     0 | D:1      | Reached XP level 1. HP: 13/13 MP: 3/3
   219 | D:1      | Reached skill level 3 in Dodging
   394 | D:1      | Reached XP level 2. HP: 18/19 MP: 1/5
   901 | D:2      | Reached skill level 1 in Fighting
   907 | D:1      | Learned a level 2 spell: Throw Frost
  1093 | D:2      | Reached XP level 3. HP: 24/26 MP: 3/6
  1274 | D:2      | Learned a level 3 spell: Ozocubu's Armour
  1607 | D:3      | Reached XP level 4. HP: 33/33 MP: 0/8
  1901 | D:3      | Learned a level 2 spell: Shroud of Golubria
  1978 | D:3      | Reached skill level 1 in Conjurations
  2319 | D:4      | Noticed GFox's ghost (amateur MiFi)
  2433 | D:3      | Reached XP level 5. HP: 37/39 MP: 1/9
  2643 | D:4      | Found a blossoming altar of Fedhas.
  2643 | D:4      | Noticed a centaur
  2689 | D:4      | Noticed Crazy Yiuf
  2713 | D:4      | Killed Crazy Yiuf
  2939 | D:4      | Found a shattered altar of Ashenzari.
  2996 | D:5      | Entered Level 5 of the Dungeon
  3058 | D:5      | Reached skill level 1 in Charms
  3069 | D:5      | Reached skill level 4 in Dodging
  3139 | D:5      | Reached XP level 6. HP: 23/47 MP: 0/10
  3249 | D:5      | Reached skill level 1 in Armour
  3409 | D:5      | Reached skill level 1 in Polearms
  3459 | D:5      | Got a smoking pewter ring
  3480 | D:5      | Identified the ring of Rustol {Fire Slay+2} (You took it off an orc on level 5 of the Dungeon)
  3629 | D:5      | Reached XP level 7. HP: 44/52 MP: 0/12
  3659 | D:5      | Got a slimy scale mail
  4495 | D:5      | HP: 2/53 [orc warrior/war axe (21)]
  4788 | D:6      | Reached skill level 5 in Dodging
  4916 | D:6      | Reached XP level 8. HP: 56/60 MP: 5/13
  5426 | D:6      | Found a basalt altar of Yredelemnul.
  5554 | D:7      | Learned a level 4 spell: Throw Icicle
  5557 | D:7      | Noticed Menkaure
  5742 | D:5      | Reached skill level 6 in Dodging
  5903 | D:4      | Reached skill level 5 in Fighting
  5940 | D:4      | Killed GFox's ghost
  5940 | D:4      | Reached skill level 5 in Polearms
  6038 | D:4      | Reached XP level 9. HP: 68/68 MP: 2/15
  6996 | D:7      | Found a staircase to the Ecumenical Temple.
  7003 | D:7      | Got a jewelled quarterstaff
  7011 | D:7      | Reached skill level 5 in Ice Magic
  7020 | Temple   | Entered the Ecumenical Temple
  7113 | Temple   | Became a worshipper of Warmaster Okawaru
  7326 | D:7      | Found a radiant altar of Vehumet.
  7490 | D:7      | Reached skill level 7 in Dodging
  7770 | D:7      | Killed Menkaure
  7770 | D:7      | Reached skill level 1 in Invocations
  8197 | D:8      | Found a sparkling altar of Nemelex Xobeh.
  8197 | D:8      | Found a shimmering altar of Xom.
  8197 | D:8      | Found a snail-covered altar of Cheibriados.
  8235 | D:8      | Reached * piety under Okawaru
  8235 | D:8      | Reached skill level 5 in Spellcasting
  8324 | D:8      | Slain by an orc warrior

Skill      XL: |  1  2  3  4  5  6  7  8  9 |
---------------+----------------------------+-----
Dodging        | 3 4 5 6 7 |  7.4
Fighting       | 1 2 3 4 5 6 |  6.4
Conjurations   | 1 2 3 |  3.2
Spellcasting   | 3 4 5 |  5.1
Charms         | 1 2 3 |  3.8
Armour         | 1 2 |  2.5
Polearms       | 2 3 5 6 |  6.7
Ice Magic      | 4 5 |  5.1
Invocations    | 1 |  1.5
Stealth        | |  2.1

Action                   |  1- 3 |  4- 6 |  7- 9 || total
-------------------------+-------+-------+-------++-------
Melee: Unarmed           |     8 |       |       ||     8
       Staff             |    17 |    70 |       ||    87
       Trident           |       |    73 |    39 ||   112
       Spear             |       |       |   437 ||   437
 Cast: Freeze            |    53 |    72 |   187 ||   312
       Throw Frost       |       |     6 |    12 ||    18
       Ozocubu's Armour  |       |     6 |    32 ||    38
       Shroud of Golubri |       |     2 |    17 ||    19
  Use: Scroll            |       |     7 |    14 ||    21
       Potion            |       |     1 |     4 ||     5
 Stab: Sleeping          |     3 |     2 |     2 ||     7
  Eat: Chunk             |     3 |     7 |    18 ||    28
       Fruit             |       |     1 |     2 ||     3
       Beef jerky        |       |       |     1 ||     1
Armor: Robe              |    10 |       |       ||    10
       Troll leather arm |    10 |    50 |   182 ||   242
Dodge: Dodged            |    34 |   132 |   407 ||   573
